 Dungeon Crawl Stone Soup version 0.21-a0-632-g1e37ce5 (webtiles) character file.

4229 shenanigans the Skirmisher (level 10, -2/80 HPs)
             Began as a Barachi Skald on Dec 27, 2017.
             Was a Priest of Cheibriados.
             Slain by a wyvern skeleton (7 damage)
             ... on level 8 of the Dungeon.
             The game lasted 00:28:15 (11590 turns).

shenanigans the Skirmisher (Barachi Skald)         Turns: 11590, Time: 00:28:16

Health: -2/80      AC: 16    Str: 21    XL:     10   Next: 30%
Magic:  24/24      EV: 11    Int: 27    God:    Cheibriados [***...]
Gold:   383        SH:  0    Dex: 20    Spells: 12/13 levels left

rFire    . . .     SeeInvis .   l - +0 battleaxe (elec)
rCold    . . .     Gourm    .   (shield currently unavailable)
rNeg     . . .     Faith    .   K - +0 chain mail
rPois    .         Spirit   .   a - +0 helmet {Int+3}
rElec    .         Reflect  .   g - +0 cloak
rCorr    .         Harm     .   B - +2 pair of gloves
MR       .....                  (no boots)
Stlth    ..........             (no amulet)
HPRegen  0.23/turn              k - ring of magical power
MPRegen  0.19/turn              A - ring of stealth

@: heavily drained, very slow
A: +LOS, swims, slowness 1, strong legs 1
a: Hop, Bend Time, Temporal Distortion, Renounce Religion


You were on level 8 of the Dungeon.
You worshipped Cheibriados.
Cheibriados was most pleased with you.
You were not hungry.

You visited 2 branches of the dungeon, and saw 9 of its levels.

You collected 383 gold pieces.

Inventory:

Hand Weapons
 l - a +0 battleaxe of electrocution (weapon)
 y - a +2 flail of protection
 C - a +2 trident of freezing
 G - a +0 war axe
 I - a +2 falchion of holy wrath
Missiles
 p - 10 javelins (quivered)
Armour
 a - a +0 helmet of intelligence (worn)
 g - a +0 cloak (worn)
 v - a +0 helmet
 B - a +2 pair of gloves (worn)
 K - a +0 chain mail (worn)
Jewellery
 k - a ring of magical power (left hand)
 t - an uncursed amulet of rage
 A - a ring of stealth (right hand)
Wands
 b - a wand of flame (19)
 h - a wand of paralysis (10)
 m - a wand of enslavement (20)
Scrolls
 e - 4 scrolls of teleportation {unknown}
 f - 2 scrolls of fog {unknown}
 j - 2 scrolls of enchant armour {unknown}
 n - 2 scrolls of remove curse
 r - a scroll of noise {unknown}
 w - 4 scrolls of enchant weapon {unknown}
 x - a scroll of magic mapping {unknown}
 J - a scroll of immolation {unknown}
Potions
 i - a potion of lignification
 o - a potion of cancellation
 q - a potion of resistance
 u - a potion of mutation
 z - 2 potions of brilliance
 E - a potion of berserk rage
 F - 2 potions of haste
 H - a potion of magic
Books
 c - a book of Battle

   Spells                             Type                      Level
   a - Infusion                       Charms                       1
   b - Shroud of Golubria             Charms/Translocation         2
   c - Song of Slaying                Charms                       2
   d - Spectral Weapon                Hexes/Charms                 3
   e - Regeneration                   Charms/Necromancy            3
 s - a book of Air

   Spells                             Type                      Level
   a - Shock                          Conjuration/Air              1
   b - Swiftness                      Charms/Air                   2
   c - Static Discharge               Conjuration/Air              3
   d - Airstrike                      Air                          4
   e - Lightning Bolt                 Conjuration/Air              5
Comestibles
 d - 14 rations


   Skills:
 + Level 7.9(6.5) Fighting
 + Level 7.2(5.8) Axes
 + Level 7.6(6.2) Armour
 + Level 7.1(5.7) Dodging
 - Level 2.1(0.9) Spellcasting
 - Level 3.2(2.0) Charms
 * Level 6.8(5.4) Invocations


You had 12 spell levels left.
You knew the following spells:

 Your Spells              Type           Power        Failure   Level  Hunger
a - Infusion              Chrm           ##..         36%         1    ##.....


Dungeon Overview and Level Annotations

Branches:
Dungeon (8/15)             Temple (1/1) D:5
   Lair: D:8-11

Altars:
Ashenzari
Cheibriados
Dithmenos
Fedhas
Gozag
Hepliaklqana
Kikubaaqudgha
Makhleb
Nemelex Xobeh
Okawaru
Qazlal
Ru
Sif Muna
Trog
Uskayaw
Vehumet
Xom
Yredelemnul
Zin
The Shining One

Annotations:
D:7 ShadedKnight's ghost, novice GrVM


Innate Abilities, Weirdness & Mutations

Shadows flee at your approach. (+LOS)
You can swim through water.
You cover ground slowly.
You can hop short distances.


Message History

The killer bee stings you but does no damage.
You completely miss the killer bee.
The killer bee stings you but does no damage.
The killer bee barely misses you.
You slice the killer bee!!
You kill the killer bee!
Cheibriados thoroughly appreciates the change of pace.
Cheibriados raises the support of your attributes as your movement slows.
You start resting.
A killer bee is nearby!
The killer bee closely misses you.
You miss the killer bee.
The killer bee stings you but does no damage. x2
The killer bee completely misses you.
A wyvern skeleton comes into view.
You miss the killer bee. The killer bee closely misses you.
The killer bee stings you.
* * * LOW HITPOINT WARNING * * *
The wyvern skeleton bites you!
You die...

#......# #.≈≈≈≈.# #.≈≈_≈≈#
##..≈≈≈.### #......≈..#
#.........#
#.........#################.
#..........#.Z@y..))).......
###..........#.#########......
#...######+#.#.# ....
#..........#.#.# ..
#....#######.#.#
#...<'.....#.#.#
##...####..#.#.#
#...........#†#
#....###.####.## #


You could see a killer bee and a wyvern skeleton.

Vanquished Creatures
  A hippogriff (D:8)
  4 hogs (D:7)
  A human (D:7)
  Eustachio (D:5)
  3 orc warriors
  5 ice beasts
  A sky beast (D:5)
  A phantom (D:7)
  5 ogres
  2 centaurs
  2 bullfrogs
  6 killer bees
  3 wights (D:7)
  8 howler monkeys
  A crimson imp (D:7)
  A jelly (D:4)
  5 orc wizards
  3 orc priests
  4 bullfrog skeletons
  2 hounds
  A centaur skeleton (D:4)
  6 worker ants
  A hound zombie (D:5)
  Robin (D:3)
  7 gnolls
  5 adders
  A shadow imp (D:8)
  3 worms
  2 dart slugs
  2 leopard geckos
  30 orcs
  A ball python (D:3)
  6 giant cockroaches
  25 goblins
  12 hobgoblins
  8 jackals
  2 quokkas
  4 bats (D:1)
  5 frilled lizards
  8 kobolds
  A leopard gecko skeleton (D:7)
  7 rats
197 creatures vanquished.

Vanquished Creatures (others)
  8 plants (D:3)
8 creatures vanquished.

Grand Total: 205 creatures vanquished

Notes
Turn   | Place    | Note
-------+----------+-------------------------------------------
     0 | D:1      | shenanigans the Barachi Skald began the quest for the Orb.
     0 | D:1      | Reached XP level 1. HP: 17/17 MP: 3/3
    77 | D:1      | Reached XP level 2. HP: 12/23 MP: 5/5
   475 | D:1      | Reached XP level 3. HP: 28/29 MP: 6/6
  1468 | D:2      | Found a hazy altar of Hepliaklqana.
  1471 | D:2      | Found a blossoming altar of Fedhas.
  1475 | D:2      | Found a glowing silver altar of Zin.
  1478 | D:2      | Found an ancient bone altar of Kikubaaqudgha.
  2043 | D:3      | Reached XP level 4. HP: 26/35 MP: 7/7
  2694 | D:3      | Noticed Robin
  3032 | D:3      | Killed Robin
  3222 | D:3      | Reached XP level 5. HP: 35/42 MP: 8/8
  3385 | D:3      | Noticed an ogre
  3396 | D:3      | Killed an ogre
  3524 | D:3      | Found a glowing golden altar of the Shining One.
  3646 | D:3      | Reached XP level 6. HP: 48/48 MP: 9/9
  3815 | D:3      | Found a sparkling altar of Nemelex Xobeh.
  4595 | D:4      | Found a snail-covered altar of Cheibriados.
  4625 | D:4      | Became a worshipper of Cheibriados the Contemplative
  4905 | D:4      | Found a stormy altar of Qazlal.
  5194 | D:5      | Entered Level 5 of the Dungeon
  5204 | D:5      | Reached XP level 7. HP: 50/55 MP: 10/10
  5220 | D:5      | Noticed Eustachio
  5436 | D:5      | Reached skill level 1 in Invocations
  5475 | D:5      | Reached skill level 5 in Fighting
  5505 | D:5      | Found a staircase to the Ecumenical Temple.
  5889 | Temple   | Entered the Ecumenical Temple
  6020 | D:5      | Reached skill level 5 in Armour
  6020 | D:5      | Reached XP level 8. HP: 27/62 MP: 11/11
  6414 | D:5      | Reached skill level 5 in Axes
  6414 | D:5      | Reached skill level 5 in Dodging
  6630 | D:5      | Killed Eustachio
  6798 | D:6      | Reached * piety under Cheibriados
  7783 | D:7      | Reached XP level 9. HP: 60/70 MP: 12/12
  8340 | D:7      | Reached ** piety under Cheibriados
  8398 | D:7      | Found an iron altar of Okawaru.
  8456 | D:7      | Reached skill level 5 in Invocations
  8519 | D:7      | Noticed ShadedKnight's ghost (novice GrVM)
 10574 | D:7      | Reached XP level 10. HP: 79/79 MP: 14/14
 10579 | D:7      | Reached *** piety under Cheibriados
 10888 | D:8      | Found a blossoming altar of Fedhas.
 11565 | D:8      | HP: 3/80 [orc priest/divine providence (8)]
 11590 | D:8      | Slain by a wyvern skeleton

Vault maps used:
D:1:      erik_arrival_cave_to_civilisation
D:2:      grunt_temple_overflow_cloverleaf, minmay_misc_feat_pillars,
          minivault_19, serial_park_tiny_1
D:3:      kennysheep_goblin_castle, marbit_many_paths,
          nicolae_overflow_hidden_temple, serial_bayou_lagoon_b
D:4:      overflow_temple_1_default, nicolae_qazlal_eye_of_the_storm
D:5:      minmay_temple_entry_grid, first_ration, uniq_eustachio
D:7:      okawaru_altar_gauntlet_db, grunt_livestock
D:8:      elyvilon_altar_3, kennysheep_little_box, serial_shops,
          nicolae_shop_behind_doors, fedhas_altar_2
Temple:   hc_temple_tempest_star

Skill      XL: |  1  2  3  4  5  6  7  8  9 10 |
---------------+-------------------------------+-----
Fighting       | 3 4 5 6 7 |  7.9
Armour         | 2 3 4 5 6 7 |  7.6
Axes           | 3 4 5 6 7 |  7.2
Dodging        | 3 4 5 6 7 |  7.1
Invocations    | 2 4 6 |  6.8
Spellcasting   | |  2.1
Charms         | |  3.2

Action                   |  1- 3 |  4- 6 |  7- 9 | 10-12 || total
-------------------------+-------+-------+-------+-------++-------
Melee: Hand axe          |   143 |   232 |     5 |       ||   380
       War axe           |       |       |   162 |       ||   162
       Battleaxe         |       |       |   196 |    94 ||   290
Throw: Javelin           |     3 |     3 |     9 |       ||    15
 Cast: Infusion          |     3 |    12 |     5 |       ||    20
 Abil: Hop               |       |     2 |     6 |       ||     8
Evoke: Wand              |       |     1 |    10 |       ||    11
  Use: Potion            |       |       |     5 |       ||     5
       Scroll            |       |       |     8 |     1 ||     9
 Stab: Paralysed         |       |     7 |    19 |       ||    26
       Sleeping          |       |     1 |       |       ||     1
  Eat: Chunk             |     4 |     7 |    10 |     2 ||    23
       Ration            |       |     1 |     1 |       ||     2
Armor: Leather armour    |    37 |     5 |       |       ||    42
       Ring mail         |       |    74 |    47 |       ||   121
       Skin              |       |       |    19 |       ||    19
       Chain mail        |       |       |   223 |    78 ||   301
Dodge: Dodged            |    99 |   164 |   276 |    84 ||   623

Table legend:
 A = Spawn XP
 B = Non-spawn XP
 C = Spawn XP percentage of total XP
 D = Spawn monster count
 E = Non-spawn monster count
 F = Spawn count percentage of total count
 G = Total turns spent on level
                    A         B        C        D         E        F      G
               +---------+---------+-------+---------+---------+-------+---------
         Total |       0 |    6042 |   0.0 |       0 |     197 |   0.0 | 11590
               +---------+---------+-------+---------+---------+-------+---------
           D:1 |       0 |      41 |   0.0 |       0 |      24 |   0.0 |   841
           D:2 |       0 |      39 |   0.0 |       0 |      16 |   0.0 |  1481
           D:3 |       0 |     297 |   0.0 |       0 |      46 |   0.0 |  1715
           D:4 |       0 |     334 |   0.0 |       0 |      13 |   0.0 |  1495
           D:5 |       0 |     904 |   0.0 |       0 |      18 |   0.0 |  1170
           D:6 |       0 |     669 |   0.0 |       0 |      17 |   0.0 |  2659
           D:7 |       0 |    2917 |   0.0 |       0 |      50 |   0.0 |  1408
           D:8 |       0 |     841 |   0.0 |       0 |      13 |   0.0 |   711
               +---------+---------+-------+---------+---------+-------+---------
